 Dungeon Crawl Stone Soup version 0.19.1 (webtiles) character file.

240 Rrauwl the Ducker (level 6, -2/38 HPs)
             Began as a Kobold Monk on Dec 3, 2016.
             Was an Initiate of Ru.
             Slain by Dobrokot2's ghost (7 damage)
             ... on level 4 of the Dungeon.
             The game lasted 00:16:41 (2760 turns).

Rrauwl the Ducker (Kobold Monk)                     Turns: 2760, Time: 00:16:42

Health: -2/38      AC:  5    Str: 10    XL:     6   Next: 30%
Magic:  6/6        EV: 24    Int: 11    God:    Ru [......]
Gold:   45         SH:  0    Dex: 23    Spells: 0 memorised, 5 levels left

rFire  . . .     SeeInvis .       - Unarmed
rCold  . . .     Gourm    +     a - +0 robe
rNeg   . . .     Faith    .     (shield restricted)
rPois  .         Spirit   .     g - +0 helmet
rElec  .         Reflect  .     (no cloak)
rCorr  .         Harm     .     k - +0 pair of gloves
MR     .....                    f - +0 pair of boots
Stlth  ++++......               l - amulet of the gourmand
                                (no ring)
                                (no ring)

@: agile
A: carnivore 3
a: Renounce Religion


You were on level 4 of the Dungeon.
You worshipped Ru.
Ru was noncommittal.
You were completely stuffed.

You visited 1 branch of the dungeon, and saw 4 of its levels.

You collected 165 gold pieces.
You spent 120 gold pieces at shops.

Inventory:

Missiles
 m - 16 bolts
Armour
 a - a +0 robe (worn)
 f - a +0 pair of boots (worn)
 g - a +0 helmet (worn)
 k - a +0 pair of gloves (worn)
Jewellery
 d - an uncursed amulet of guardian spirit
 e - an uncursed amulet of faith
 l - an amulet of the gourmand (around neck)
Wands
 o - a wand of iceblast (3/15)
Scrolls
 n - a scroll of remove curse
Comestibles
 b - 5 meat rations
 h - 2 chunks of flesh
 i - 2 beef jerkies
 j - a royal jelly


   Skills:
 - Level 4.0 Fighting
 + Level 5.2 Dodging
 - Level 5.0 Stealth
 + Level 4.4 Unarmed Combat
 + Level 0.0 Evocations


You had 5 spell levels left.
You didn't know any spells.

Dungeon Overview and Level Annotations

Branches:
Dungeon (4/15)
 Temple: D:4-7

Altars:
Ru

Shops:
D:4 }

Annotations:
D:4 Dobrokot2's ghost, novice MiFi


Innate Abilities, Weirdness & Mutations

You are small and have problems with some larger weapons.
You are carnivorous and can eat meat at any time.


Message History

Dobrokot2's ghost is severely damaged.
You hit Dobrokot2's ghost but do no damage.
Dobrokot2's ghost is severely damaged.
Dobrokot2's ghost barely misses you.
You hit Dobrokot2's ghost.
Dobrokot2's ghost is almost destroyed.
Dobrokot2's ghost closely misses you.
You hit Dobrokot2's ghost but do no damage.
Dobrokot2's ghost is almost destroyed.
Dobrokot2's ghost closely misses you.
You hit Dobrokot2's ghost but do no damage.
Dobrokot2's ghost is almost destroyed.
Dobrokot2's ghost misses you.
You completely miss Dobrokot2's ghost.
Dobrokot2's ghost is almost destroyed.
Dobrokot2's ghost closely misses you.
You hit Dobrokot2's ghost but do no damage.
Dobrokot2's ghost is almost destroyed.
Dobrokot2's ghost hits you!
You die...

#.....#### #.# #.# #.####
###.##...# #.###.# # ..
#.#.####.#...# #..
#.#......#.### #..
#.########.######### ###
#..% ##........#.#.......#
#..
.....#≈≈≈#.#####.#.#####.#
#.. ....#≈≈≈≈≈######...#
#>###..
.....≈≈∩....W@.#####
#...'.. #####≈≈≈≈≈####.#
#######.. ##≈≈≈## .#
).......# ##### .#
.######.# .# #.. .# ### .#
$#


You could see Dobrokot2's ghost.

Vanquished Creatures
  A hound (D:4)
  An orc wizard (D:3)
  Jessica (D:2)
  4 gnolls (D:2)
  4 adders
  2 worms
  A dart slug (D:3)
  2 leopard geckos
  7 orcs (D:3)
  A ball python (D:3)
  10 bats
  4 giant cockroaches
  8 hobgoblins
  5 kobolds
  A quokka (D:2)
  4 frilled lizards
  7 goblins
  A quokka skeleton (D:4)
  9 rats
  A plant (D:3)
74 creatures vanquished.

Notes
Turn   | Place    | Note
-------+----------+-------------------------------------------
     0 | D:1      | Rrauwl the Kobold Monk began the quest for the Orb.
     0 | D:1      | Reached XP level 1. HP: 14/14 MP: 1/1
   281 | D:1      | Reached XP level 2. HP: 19/19 MP: 2/2
   639 | D:1      | Reached XP level 3. HP: 23/23 MP: 3/3
  1177 | D:2      | Reached XP level 4. HP: 28/28 MP: 4/4
  1353 | D:2      | Noticed Jessica
  1373 | D:2      | Killed Jessica
  1475 | D:2      | Reached XP level 5. HP: 31/33 MP: 5/5
  2092 | D:3      | Found a sacrificial altar of Ru.
  2155 | D:3      | Became a worshipper of Ru the Awakened
  2291 | D:3      | Reached skill level 5 in Dodging
  2321 | D:3      | Reached XP level 6. HP: 35/38 MP: 6/6
  2636 | D:4      | Reached skill level 5 in Stealth
  2696 | D:4      | Found Deeckos's Gadget Emporium.
  2698 | D:4      | Noticed Dobrokot2's ghost (novice MiFi)
  2710 | D:4      | Bought a wand of iceblast (6/15) for 120 gold pieces
  2760 | D:4      | Slain by Dobrokot2's ghost

Skill      XL: |  1  2  3  4  5  6 |
---------------+-------------------+-----
Stealth        | 3 4 5 |  5.0
Dodging        | 4 5 |  5.2
Fighting       | 4 |  4.0
Unarmed Combat | 4 |  4.4

Action                   |  1- 3 |  4- 6 || total
-------------------------+-------+-------++-------
Melee: Unarmed           |   118 |   299 ||   417
       Punch             |     2 |     4 ||     6
Invok: Reject Sacrifices |       |     1 ||     1
Evoke: Wand              |       |     3 ||     3
  Use: Potion            |     3 |     1 ||     4
       Scroll            |     2 |     3 ||     5
 Stab: Sleeping          |     4 |     4 ||     8
       Distracted        |     1 |       ||     1
  Eat: Chunk             |     9 |     6 ||    15
Armor: Robe              |    23 |    28 ||    51
Dodge: Dodged            |   101 |   182 ||   283
